[Event "Early-Titled-Tuesday-Blitz-January-16-2024"]
[Site "Chess.com"]
[Date "2024.01.16"]
[Round "1"]
[White "XDPS"]
[Black "Langua_Chess"]
[Result "1-0"]
[WhiteElo "2899"]
[BlackElo "2486"]
[TimeControl "180+1"]
[EndTime "8:07:21 PST"]
[Termination "XDPS won on time"]

1. Nf3 g6 2. h4 h6 3. h5 g5 4. d4 Bg7 5. Nc3 d6 6. Qd3 Nc6 7. a3 Bg4 8. d5 Ne5 9. Nxe5 Bxe5 10. g3 Nf6 11. f4 gxf4 12. gxf4 Bxc3+ 13. Qxc3 Qd7 14. Qd4 c5 15. Qd3 Bf5 16. Qc3 Be4 17. Rg1 O-O-O 18.
Bd2 Kb8 19. O-O-O Nxd5 20. Qc4 f5 21. Bh3 b5 22. Qa2 Rhg8 23. Rxg8 Rxg8 24. c4 Rg3 25. Bf1 Nb6 26. cxb5 Qxb5 27. e3 Qa4 28. b3 Qe8 29. Be2 Rg2 30. Re1 Qg8 31. Qb2 Kb7 32.
Qc3 Nd5 33. Qc4 Nc7 34. Qc3 Nd5 35. Qa5 Nc7 36. Kb2 Qd5 37. Qc3 Qf7 38. a4 Qe8 39. Qa5 Qf7 40. Ka3 Qf6 41. Bc3 Qh4 42. b4 Qh2 43.
Bc4 Rc2 44. bxc5 1-0

[Event "Early-Titled-Tuesday-Blitz-January-16-2024"]
[Site "Chess.com"]
[Date "2024.01.16"]
[Round "1"]
[White "JMCadavid1998"]
[Black "HajiyevKanan"]
[Result "1-0"]
[WhiteElo "2185"]
[BlackElo "2561"]
[TimeControl "180+1"]
[EndTime "8:07:22 PST"]
[Termination "JMCadavid1998 won by resignation"]

1. d4 d5 2. Nf3 c5 3. c4 cxd4 4.
cxd5 Qa5+ 5. Qd2 Qxd5 6. Qxd4 Qxd4 7. Nxd4 a6 8. e4 e5 9. Nf3 Nc6 10. Bc4 Nf6 11. Ng5 Bb4+ 12. Bd2 O-O 13. a3 Bxd2+ 14. Nxd2 h6 15. Ngf3 Bg4 16. Bd5 Bxf3 17. Nxf3 Rfd8 18. Bxc6 bxc6 19. O-O Nxe4 20. Nxe5 Rd2 21. Nc4 Rc2 22. Rac1 Rxc1 23. Rxc1 Rd8 24. f3 Nd2 25. Ne5 Nb3 26.
Rxc6 Rd1+ 27. Kf2 Rd2+ 28. Kg3 f6 29. Nc4 Rc2 30. Rc8+ Kh7 31. Nd6 Rxb2 32. h4 h5 33. Rb8 a5 34. Nc4 Rb1 35. Nxa5 Nd2 36. Rxb1 Nxb1 37.
Nc4 Nc3 38. Nb6 Kg6 39. a4 Kf5 40. a5 Ke6 41. a6 Nb5 42. Nc8 Nc7 43. a7 Na8 44.
Kf4 g6 45. g4 Kd7 46. gxh5 gxh5 47. Kf5 Kxc8 48. Kg6 Kb7 49. Kxh5 Nc7 50. Kg6 Nd5 51.
Kf5 Kxa7 52. h5 Ne7+ 53. Kxf6 Ng8+ 54. Kg7 Ne7 55. h6 Nf5+ 56. Kg6 Nh4+ 57. Kh5 Nxf3 58.
h7 Nd4 59. h8=Q Nc6 60. Qf6 Kb6 61. Kg5 Kc5 62. Kf5 Nd4+ 63. Ke4 Nc6 64. Qe6 Nb4 65.
Qe7+ Kc4 66. Qc7+ Kb5 67. Kd4 Nc6+ 68. Kd5 Nb4+ 69. Kd6 Na6 70. Qb7+ Ka5 71. Kc6 Nb4+ 72. Kc5 Na6+ 73. Kc4 1-0

[Event "Early-Titled-Tuesday-Blitz-January-16-2024"]
[Site "Chess.com"]
[Date "2024.01.16"]
[Round "1"]
[White "starworld123"]
[Black "Jojo_898"]
[Result "0-1"]
[WhiteElo "2827"]
[BlackElo "2472"]
[TimeControl "180+1"]
[EndTime "8:07:23 PST"]
[Termination "Jojo_898 won by resignation"]

1. Nf3 Nf6 2. g3 g6 3. b3 Bg7 4.
Bb2 O-O 5. Bg2 Nc6 6. d4 d5 7. O-O Bf5 8. Nbd2 Qc8 9. c4 Bh3 10. cxd5 Nxd5 11. e3 Bxg2 12. Kxg2 a5 13. a3 Re8 14. Nc4 b5 15. Nce5 Nxe5 16. Nxe5 Qf5 17.
Rc1 Rac8 18. Rc5 Qe4+ 19. Qf3 Qxf3+ 20. Kxf3 Bxe5 21. Rxd5 Bd6 22. Rxb5 Rb8 23. Rxa5 Rxb3 24. Bc1 Rb1 25. Kg2 Reb8 26. Bd2 R1b2 27. Bc1 Rc2 28.
a4 Rb1 29. e4 Rbxc1 30. Rxc1 Rxc1 31. e5 Bb4 32. Rb5 Bc3 33. Rc5 Bb2 34. Rd5 Rd1 35.
Rd8+ Kg7 36. Rd7 e6 37. a5 Rxd4 38. Rxc7 Ra4 39. Rc5 Bd4 40. Rb5 Ra2 41. Kf3 Bxf2 42.
Ke4 Be1 0-1

[Event "Early-Titled-Tuesday-Blitz-January-16-2024"]
[Site "Chess.com"]
[Date "2024.01.16"]
[Round "1"]
[White "MetiForce"]
[Black "atalz0"]
[Result "1-0"]
[WhiteElo "2870"]
[BlackElo "2474"]
[TimeControl "180+1"]
[EndTime "8:07:24 PST"]
[Termination "MetiForce won by resignation"]

1. d4 Nf6 2. c4 e6 3. Nc3 Bb4 4. f3 O-O 5. e4 d5 6. e5 Nfd7 7.
cxd5 exd5 8. Bd3 c5 9. a3 Ba5 10. dxc5 Bxc3+ 11. bxc3 Nxe5 12. Ne2 Qa5 13. Be3 Be6 14.
Bc2 Nbd7 15. Bd4 Nc6 16. O-O Nxc5 17. a4 Rac8 18. Rb1 Nxd4 19. cxd4 Nd7 20. Rxb7 Nb6 21. Nf4 Rfe8 22. Nxe6 Rxe6 23. Bf5 Ree8 24. Bxc8 Rxc8 25. Qe2 Qxa4 26. Qe7 Qxd4+ 27. Kh1 Qf6 28. Qxf6 gxf6 29. Rxa7 Rd8 30. Ra6 Nc4 31. h3 d4 32. Ra4 Ne3 33. Rf2 d3 34. Rd2 Nf1 35. Rd1 d2 36. Ra2 Re8 37.
Rxf1 Re1 38. Ra1 1-0

[Event "Early-Titled-Tuesday-Blitz-January-16-2024"]
[Site "Chess.com"]
[Date "2024.01.16"]
[Round "1"]
[White "tptagain"]
[Black "jlf287"]
[Result "1-0"]
[WhiteElo "2955"]
[BlackElo "2508"]
[TimeControl "180+1"]
[EndTime "8:07:25 PST"]
[Termination "tptagain won on time"]

1. Nf3 d5 2. d4 Nf6 3. e3 c5 4.
Be2 Nc6 5. O-O Bg4 6. h3 Bh5 7. dxc5 e6 8. a3 Bxc5 9. b4 Bd6 10. Bb2 O-O 11. Nbd2 Qe7 12. c4 Rfd8 13. Qb3 Rac8 14. Rac1 a6 15. Rfd1 Ne4 16. cxd5 exd5 17. Qa2 Bb8 18.
Nf1 Ba7 19. Rxd5 Rxd5 20. Qxd5 Bg6 21. Nd4 Bxd4 22. Qxd4 f6 23. Qc4+ Bf7 24. Qc2 Rd8 25. Bd3 Bg6 26. f3 Ng5 27. Bxg6 hxg6 28. h4 Nf7 29. Qxg6 Qd6 30. h5 Qd3 31. Qxd3 Rxd3 32. Bc3 Nd6 33. Bb2 Ne7 34. Kf2 Nd5 35. Rc2 Rb3 36.
g3 Nb6 37. Nd2 1-0

[Event "Early-Titled-Tuesday-Blitz-January-16-2024"]
[Site "Chess.com"]
[Date "2024.01.16"]
[Round "1"]
[White "MIss_MIaMI"]
[Black "Nuvas"]
[Result "0-1"]
[WhiteElo "2432"]
[BlackElo "2802"]
[TimeControl "180+1"]
[EndTime "8:07:25 PST"]
[Termination "Nuvas won by resignation"]

1. e4 e5 2. Nf3 Nc6 3. d4 exd4 4. c3 dxc3 5. Bc4 d6 6. Qb3 Qd7 7. Nxc3 Na5 8. Qb5 Qxb5 9. Bxb5+ Bd7 10. O-O Nf6 11. Re1 Bxb5 12. Nxb5 O-O-O 13. Nxa7+ Kb8 14. Nb5 Nc6 15. Ng5 Rd7 16. a3 h6 17. Nf3 g5 18. h3 Bg7 19. Bd2 Re8 20. Bc3 Rde7 21. Nd2 b6 22. f3 Kb7 23. Rac1 Nh5 24. Bxg7 Nxg7 25. Nb3 f5 26. Nd2 fxe4 27. fxe4 Ne6 28. Nc3 Nf4 29. Re3 Ne5 30. b3 Ned3 31. Rc2 Re5 32.
Kh2 d5 33. g3 d4 34. gxf4 Nxf4 35. Rf3 Rc5 36. b4 Rc6 37. Ndb1 dxc3 38. Rfxc3 Rxc3 39. Nxc3 Rd8 40. Kg3 h5 41. Kf3 Rd3+ 42. Kf2 Rxh3 43. e5 Rh2+ 44. Ke3 Rxc2 45. Ne4 Ne6 46. Nf6 h4 47.
Ng4 h3 48. Ke4 h2 49. Nxh2 Rxh2 50. Kf5 Rh6 51. Ke4 Kc6 52. Kf5 Kd5 0-1

[Event "Early-Titled-Tuesday-Blitz-January-16-2024"]
[Site "Chess.com"]
[Date "2024.01.16"]
[Round "1"]
[White "supereagles1201"]
[Black "KacperKacprzak"]
[Result "0-1"]
[WhiteElo "2373"]
[BlackElo "2694"]
[TimeControl "180+1"]
[EndTime "8:07:25 PST"]
[Termination "KacperKacprzak won by resignation"]

1. c4 Nf6 2. g3 e5 3. Bg2 c6 4. Nf3 e4 5. Nd4 Qb6 6. Nb3 a5 7. d3 a4 8. N3d2 Bc5 9. O-O e3 10. fxe3 Ng4 11. Ne4 Bxe3+ 12. Bxe3 Nxe3 13. c5 Qxb2 14.
Qc1 Qxc1 15. Nd6+ Ke7 16. Rxc1 Na6 17. Nd2 Rb8 18. N2c4 Nxg2 19. Kxg2 Nxc5 20. Nxc8+ Rhxc8 21. Nb6 d6 22. Nxc8+ Rxc8 23. Rab1 Rc7 24. Kf3 Kd7 25. d4 Ne6 26. e3 d5 27. Rb4 b5 28. a3 Ng5+ 29. Ke2 Ne4 30. Rb2 Nd6 31. Rbc2 Nc4 32. Rc3 Kd6 33. Rf1 f6 34. Kd3 Re7 35. Rf3 Kc7 36.
h3 Kb6 37. Ke2 h6 38. g4 Ka5 39. Kd3 Re4 40. Rc1 Re6 41. Rg3 Nxa3 42. h4 Nc4 43. g5 hxg5 44. hxg5 fxg5 45. Re1 a3 46. Rxg5 Ka4 47. Rxg7 b4 48. Ra7+ Kb3 49. e4 Nb2+ 50. Kd2 Rxe4 51. Rxe4 dxe4 52. Ra6 a2 53. Ke3 Na4 0-1

[Event "Early-Titled-Tuesday-Blitz-January-16-2024"]
[Site "Chess.com"]
[Date "2024.01.16"]
[Round "1"]
[White "CSB7"]
[Black "ChessLebaneseSalah"]
[Result "1-0"]
[WhiteElo "2693"]
[BlackElo "2374"]
[TimeControl "180+1"]
[EndTime "8:07:25 PST"]
[Termination "CSB7 won by resignation"]

1. c4 c6 2. d4 d5 3. Nc3 Nf6 4.
e3 e6 5. Nf3 Nbd7 6. Bd3 dxc4 7. Bxc4 Bd6 8. e4 b5 9. e5 bxc4 10. exd6 Nd5 11. O-O O-O 12. Bg5 f6 13. Bh4 N7b6 14.
Bg3 Bd7 15. Ne4 Be8 16. Nc5 Bf7 17. Re1 Re8 18. Rc1 a5 19. Nd2 Nb4 20. a3 Na6 21. Nb7 Qc8 22. Nxa5 Qd7 23. Ndxc4 Nxc4 24. Nxc4 Rab8 25.
b4 Rb5 26. Qc2 Nb8 27. Na5 Rd5 28. Nxc6 Rxd4 29. Nxd4 e5 30. Nc6 Qxd6 31. Red1 Qe6 32. Nd8 Qe7 33. Nxf7 Qxf7 34. Qc4 Nd7 35. Qxf7+ Kxf7 36. Rxd7+ 1-0

[Event "Early-Titled-Tuesday-Blitz-January-16-2024"]
[Site "Chess.com"]
[Date "2024.01.16"]
[Round "1"]
[White "SnekkerAndersen"]
[Black "Licancabur"]
[Result "1/2-1/2"]
[WhiteElo "2637"]
[BlackElo "2379"]
[TimeControl "180+1"]
[EndTime "8:07:26 PST"]
[Termination "Game drawn by repetition"]

1. d4 d5 2. c4 dxc4 3. e3 e5 4. Bxc4 exd4 5. exd4 Bd6 6. Nc3 Nf6 7. Nf3 O-O 8. O-O Nc6 9. h3 h6 10. a3 Bf5 11.
Re1 Qd7 12. Nb5 Rfe8 13. Be3 a6 14. Nxd6 Qxd6 15. Qb3 Qd7 16. Ne5 Nxe5 17. dxe5 Rxe5 18. Qxb7 Rae8 19. Rad1 Qe7 20. Bxa6 Be4 21. Qb4 Qe6 22.
Bc4 Nd5 23. Qb3 c6 24. f3 Bxf3 25. gxf3 Qg6+ 26. Kh1 Rxe3 27. Rxe3 Rxe3 28. Qb8+ Kh7 29. Bxd5 cxd5 30. Qf4 Re2 31. Rg1 Qc2 32. b4 d4 33.
b5 d3 34. Qf5+ Kg8 35. Qf4 d2 36. Qd6 d1=Q 37. Rxd1 Rh2+ 38. Qxh2 Qxd1+ 39. Kg2 Qe2+ 40. Kg3 Qe5+ 41. Kg2 Qe2+ 42. Kg1 Qe1+ 43. Kg2 Qe2+ 1/2-1/2

[Event "Early-Titled-Tuesday-Blitz-January-16-2024"]
[Site "Chess.com"]
[Date "2024.01.16"]
[Round "1"]
[White "PawnEatingZombie"]
[Black "IamSchrodingersCat"]
[Result "0-1"]
[WhiteElo "2129"]
[BlackElo "2573"]
[TimeControl "180+1"]
[EndTime "8:07:26 PST"]
[Termination "IamSchrodingersCat won on time"]

1. e4 c5 2. c3 g6 3. d4 cxd4 4. cxd4 d5 5. e5 Nc6 6. Nc3 Nh6 7. Bb5 Bg7 8. Nf3 O-O 9. h3 Nf5 10. O-O f6 11. Bxc6 bxc6 12. Bf4 Qa5 13. Qa4 Qxa4 14.
Nxa4 g5 15. Bh2 h5 16. exf6 exf6 17. Rfd1 Re8 18. Rac1 Bd7 19. Nc5 Bc8 20. Kf1 a5 21. b3 Kf7 22. Ne1 Ba6+ 23. Nxa6 Rxa6 24. Nd3 Bf8 25.
Nc5 Bxc5 26. Rxc5 Ke6 27. g4 hxg4 28. hxg4 Nh6 29. f3 Kd7 30. Rdc1 Nf7 31. Kf2 Nd8 32. R5c2 Ne6 33. Rd2 a4 34. Kg2 axb3 35. axb3 Rb6 36. Rc3 Ra8 37. Bg1 Ra3 38. Rdd3 Ra1 39. Be3 Rb1 40.
Bf2 Rb2 41. Kg3 Ra6 0-1

[Event "Early-Titled-Tuesday-Blitz-January-16-2024"]
[Site "Chess.com"]
[Date "2024.01.16"]
[Round "1"]
[White "GroovyKettle"]
[Black "ljuks68"]
[Result "1-0"]
[WhiteElo "2932"]
[BlackElo "2497"]
[TimeControl "180+1"]
[EndTime "8:07:27 PST"]
[Termination "GroovyKettle won on time"]

1. e4 e6 2. d4 d5 3. Nd2 Nf6 4. e5 Nfd7 5. Bd3 c5 6. c3 Nc6 7. Ne2 cxd4 8. cxd4 f6 9. exf6 Qxf6 10. Nf3 h6 11.
O-O Bd6 12. Ng3 O-O 13. Re1 Rf7 14. Bb1 Nf8 15. Nh5 Qd8 16. Ne5 Nxe5 17. dxe5 Bc5 18. Be3 d4 19. Bd2 Bd7 20. Be4 Qh4 21. g3 Qh3 22.
Nf4 Rxf4 23. Bxf4 Bc6 24. Bxc6 bxc6 25. Rc1 Bb6 26. Rxc6 Ng6 27. Bd2 Rf8 28. Rxb6 axb6 29. Qe2 Qf5 30. f4 Rd8 31. Qe4 Qxe4 32. Rxe4 Ne7 33.
Kf1 h5 34. Ke2 Nf5 35. Kd3 Kf7 36. Re1 Ra8 37. a3 Ke7 38. Rc1 Kd7 39. Be1 b5 40.
Rc5 Rb8 41. Ba5 Rb7 42. Ke4 Ke7 43. Rc7+ Rxc7 44. Bxc7 Kd7 45. Bb6 Kc6 46. Bxd4 g6 47.
Bf2 Nh6 48. h3 Kb7 49. b3 Kc6 50. a4 bxa4 51. bxa4 Nf5 52. g4 hxg4 53. hxg4 Nh6 54. Kf3 Nf7 55. Bd4 Nh6 56. Bb2 Nf7 57. Ba3 Kd5 58. Bf8 Kc4 59. Ke4 Nh8 60. f5 gxf5+ 61. gxf5 exf5+ 62. Kxf5 Nf7 63. e6 Nd8 64. e7 1-0

[Event "Early-Titled-Tuesday-Blitz-January-16-2024"]
[Site "Chess.com"]
[Date "2024.01.16"]
[Round "1"]
[White "Lennis93"]
[Black "Brahianzevich"]
[Result "1-0"]
[WhiteElo "2776"]
[BlackElo "2414"]
[TimeControl "180+1"]
[EndTime "8:07:27 PST"]
[Termination "Lennis93 won on time"]

1. d4 d5 2. c4 e6 3. Nf3 Nf6 4. g3 Be7 5. Bg2 O-O 6. O-O dxc4 7.
Qa4 a6 8. Qxc4 b5 9. Qc2 Bb7 10. Bd2 Ra7 11. Rd1 Be4 12. Qc1 Nc6 13. Nc3 Bxf3 14. Bxf3 Nxd4 15. Be3 c5 16. Kg2 Rd7 17. Bxd4 cxd4 18. Ne4 e5 19. Nxf6+ Bxf6 20. Be4 Be7 21. g4 g6 22. Kh1 Rc7 23. Qh6 Bg5 24. Qh3 Kg7 25. a4 b4 26. Kg2 Qf6 27. a5 Rfc8 28. Ra4 Rb8 29. Qb3 Qf4 30. Qf3 Qxf3+ 31. Kxf3 Be7 32. Bd3 Rc6 33. Ke4 Re6 34. Bc4 Rc6 35. b3 Rc5 36. Bxa6 Ra8 37. Bc4 Raxa5 38. Rda1 Rxa4 39.
Rxa4 h6 40. Rxb4 Rc7 41. Rb5 Bf6 42. Rb8 Ra7 43. b4 Rc7 44. Bd3 Rc1 45. b5 1-0

[Event "Early-Titled-Tuesday-Blitz-January-16-2024"]
[Site "Chess.com"]
[Date "2024.01.16"]
[Round "1"]
[White "Lion-Al-Messi"]
[Black "margarita_2703"]
[Result "1-0"]
[WhiteElo "2636"]
[BlackElo "2292"]
[TimeControl "180+1"]
[EndTime "8:07:27 PST"]
[Termination "Lion-Al-Messi won by resignation"]

1. e4 e5 2. Nf3 Nc6 3. Bb5 a6 4. Ba4 Nf6 5. O-O Nxe4 6. d4 b5 7. Bb3 d5 8. dxe5 Be6 9. Nbd2 Nc5 10. c3 d4 11. Bxe6 Nxe6 12. cxd4 Ncxd4 13. Ne4 Qd5 14. Nc3 Qd7 15. Be3 c5 16. a4 b4 17. Ne4 Qd5 18. Bxd4 Qxe4 19. Be3 Rd8 20. Qe2 Qd3 21. Qxd3 Rxd3 22.
Rfd1 Rxd1+ 23. Rxd1 Be7 24. Nd2 O-O 25. Nc4 f6 26. b3 Rd8 27. Rxd8+ Bxd8 28. f4 fxe5 29. Nxe5 Bf6 30. Nd3 Be7 31. f5 Nd4 32. Bxd4 cxd4 33.
Kf2 Kf7 34. Kf3 Kf6 35. Ke4 Bd6 36. h3 Kg5 37. Kxd4 Kxf5 38. Kc4 a5 39. Kd5 Bc7 40. Nc5 Bb6 41. Ne6 g6 42. g4+ Kf6 43. Nf8 Kg7 44. Nd7 Bd8 45. Nc5 Kf6 46. Ne4+ Ke7 47. Kc6 Ke6 48.
Nc5+ Ke5 49. Nb7 Bf6 50. Nxa5 Kf4 51. Nb7 Kg3 52. a5 Kxh3 53. a6 Bd4 54. Nc5 Kxg4 55. a7 Bxc5 56. Kxc5 1-0

[Event "Early-Titled-Tuesday-Blitz-January-16-2024"]
[Site "Chess.com"]
[Date "2024.01.16"]
[Round "1"]
[White "NovoselovRoman"]
[Black "DDTerziev04"]
[Result "1/2-1/2"]
[WhiteElo "2569"]
[BlackElo "2162"]
[TimeControl "180+1"]
[EndTime "8:07:27 PST"]
[Termination "Game drawn by repetition"]

1. d4 Nf6 2. Bf4 d6 3. Nd2 g6 4. e4 Bg7 5. Ngf3 O-O 6. Bd3 c5 7. c3 Nc6 8. a3 Bg4 9. h3 Bxf3 10.
Nxf3 Qb6 11. dxc5 dxc5 12. Qc2 Rad8 13. O-O Nh5 14. Be3 Qc7 15. Bxc5 Nf4 16. Bb5 Ne5 17. Nxe5 Bxe5 18. Be3 a6 19. Be2 Rd7 20. Rad1 Rfd8 21.
Rxd7 Rxd7 22. Rd1 Rxd1+ 23. Qxd1 Qc8 24. Bf1 Bd6 25. Qd2 Qc7 26. g3 Ne6 27. f4 Bc5 28.
Kg2 Bxe3 29. Qxe3 Qd6 30. Bc4 Nc5 31. e5 Qc6+ 32. Qf3 Qc7 33. Qd5 e6 34. Qd4 b5 35.
Be2 Na4 36. c4 bxc4 37. Bxc4 Qb7+ 38. Kf2 Nxb2 39. Bxa6 Qxa6 40. Qxb2 Qa7+ 41. Kf3 Qa8+ 42. Ke3 Qa7+ 43. Kd3 Qa6+ 44. Kc3 Qf1 45. Qh2 Qc1+ 46.
Kb3 Qb1+ 47. Ka4 Qe4+ 48. Ka5 Qd5+ 49. Kb4 Qd4+ 50. Kb3 Qd3+ 51. Kb2 Qb5+ 52. Kc1 Qc5+ 53. Qc2 Qxa3+ 54. Kb1 Qxg3 55. Qd2 Qxh3 56. Qd8+ Kg7 57.
Qf6+ Kg8 58. Qd8+ Kg7 59. Qf6+ Kg8 60. Qd8+ 1/2-1/2

[Event "Early-Titled-Tuesday-Blitz-January-16-2024"]
[Site "Chess.com"]
[Date "2024.01.16"]
[Round "1"]
[White "stratacticos"]
[Black "HATilay"]
[Result "0-1"]
[WhiteElo "1971"]
[BlackElo "2556"]
[TimeControl "180+1"]
[EndTime "8:07:27 PST"]
[Termination "HATilay won by checkmate"]

1. e4 c5 2. Nf3 d6 3. c3 Nf6 4.
Be2 Bd7 5. e5 dxe5 6. Nxe5 Nc6 7. Nxd7 Qxd7 8. O-O e6 9. d4 cxd4 10. cxd4 Qxd4 11. Qb3 Qb4 12. Qg3 Nd4 13. Bd3 h5 14.
h4 Ng4 15. Bd2 Qb6 16. Bc3 Bd6 17. Qh3 O-O 18. Nd2 Bh2+ 19. Kh1 Bf4 20. Nc4 Qd8 21. Bxd4 Qxd4 22. Rad1 Nxf2+ 23. Rxf2 Qxf2 24. Rf1 Qg3 25. Qxg3 Bxg3 26. Rf3 Bxh4 27. Rh3 Bf6 28. Rxh5 g6 29. Rb5 Rad8 30. Be4 Rd4 31. Bxg6 fxg6 32. g3 Rxc4 33. Rxb7 Rc2 34. a4 Bd4 35. b4 Rf1# 0-1

[Event "Early-Titled-Tuesday-Blitz-January-16-2024"]
[Site "Chess.com"]
[Date "2024.01.16"]
[Round "1"]
[White "RamonManon0g"]
[Black "SlipperySpeedster"]
[Result "0-1"]
[WhiteElo "2377"]
[BlackElo "2700"]
[TimeControl "180+1"]
[EndTime "8:07:28 PST"]
[Termination "SlipperySpeedster won by checkmate"]

1. e4 e5 2. Nf3 Nf6 3. Nxe5 d6 4.
Nf3 Nxe4 5. d4 d5 6. Bd3 Bd6 7. O-O O-O 8. h3 c6 9. c4 f5 10. Nc3 Nd7 11. cxd5 Nxc3 12. bxc3 cxd5 13. Qc2 Qf6 14. Re1 b6 15. Bg5 Qg6 16. Be7 Bxe7 17.
Rxe7 Qd6 18. Rae1 g6 19. Ng5 Nf6 20. c4 Ne4 21. Bxe4 dxe4 22. Rxh7 Qxd4 23. Rd1 Qf6 24. h4 Be6 25. Rd6 Qa1+ 26. Rd1 Qe5 27. Qa4 e3 28. fxe3 Qxe3+ 29. Kh1 Rad8 30. Re7 b5 31. Qc2 Rde8 32. Rh7 bxc4 33. Rd6 Qe5 34. Ra6 Qa1+ 35. Kh2 Qe5+ 36. g3 f4 37. gxf4 Qxf4+ 38. Kg2 Bd5+ 39. Kh3 Re3+ 40.
Nf3 Qxf3+ 41. Kh2 Qh1# 0-1

[Event "Early-Titled-Tuesday-Blitz-January-16-2024"]
[Site "Chess.com"]
[Date "2024.01.16"]
[Round "1"]
[White "FredddieCroderg"]
[Black "eagleclaw07"]
[Result "1-0"]
[WhiteElo "2356"]
[BlackElo "2656"]
[TimeControl "180+1"]
[EndTime "8:07:29 PST"]
[Termination "FredddieCroderg won on time"]

1. d4 d5 2. c4 c6 3. cxd5 cxd5 4. Nf3 Nf6 5. Nc3 Nc6 6. Bf4 a6 7. e3 Bg4 8. Bd3 e6 9. O-O Bd6 10. Bxd6 Qxd6 11. Qb3 Ra7 12. Qb6 Bxf3 13. gxf3 O-O 14. Na4 Nd7 15. Qb3 b5 16. Nc3 Na5 17. Qd1 Nc4 18. Rb1 f5 19. Ne2 Rf6 20. Kh1 e5 21.
dxe5 Ndxe5 22. f4 Ng4 23. Ng3 g6 24. Be2 h5 25. Qd4 Rd7 26. b3 Na5 27. h3 Nc6 28. Qb6 Nh6 29. Qxa6 h4 30. Rg1 hxg3 31. Rxg3 d4 32. Bxb5 d3 33. Rd1 d2 34. Bc4+ Kg7 35. Qc8 Rf8 36. Qa6 Ra7 37. Qb5 Rb8 38. Qd5 Qxd5+ 39. Bxd5 Nb4 40. Be6 Rxa2 41. Rg2 Kf6 42. Bc4 Nf7 43. f3 1-0

[Event "Early-Titled-Tuesday-Blitz-January-16-2024"]
[Site "Chess.com"]
[Date "2024.01.16"]
[Round "1"]
[White "Alex_Sahakyan2006"]
[Black "EvgenyBurmakin"]
[Result "1-0"]
[WhiteElo "2715"]
[BlackElo "2390"]
[TimeControl "180+1"]
[EndTime "8:07:30 PST"]
[Termination "Alex_Sahakyan2006 won by checkmate"]

1. d4 Nf6 2. Nf3 g6 3. Bf4 Bg7 4. e3 O-O 5. h3 d6 6. Bh2 Nc6 7. Nbd2 Re8 8. Bc4 e5 9. dxe5 dxe5 10. Ng5 Re7 11. Nde4 Bf5 12. Qf3 Nxe4 13. Nxe4 Qe8 14. O-O h6 15. Rfd1 Rd8 16. Rxd8 Qxd8 17. Rd1 Rd7 18. Rxd7 Qxd7 19. g4 Bxe4 20. Qxe4 Kh7 21. Bd3 Qe6 22. b3 Nd8 23. Kg2 c6 24. Bg3 Qe7 25.
a4 Qc5 26. Bc4 Qd6 27. h4 Ne6 28. h5 Ng5 29. hxg6+ fxg6 30. Qd3 Qxd3 31. Bxd3 Ne6 32. Kf3 Bf6 33. Bc4 Ng5+ 34. Ke2 Kg7 35. f4 exf4 36.
exf4 Ne4 37. Be1 Kf8 38. Kd3 Nd6 39. Bb4 Ke7 40. Bg8 h5 41. g5 Bg7 42. Bh7 h4 43. Ke3 h3 44. Kf3 Ke6 45. Bxg6 Nf5 46. Bxf5+ Kxf5 47. Bd2 Bd4 48. Kg3 Bc5 49. Kxh3 b5 50. Kh4 Kg6 51.
Kg4 bxa4 52. f5+ Kf7 53. bxa4 a6 54. Bc3 Bd6 55. g6+ Kg8 56. f6 Bc5 57. Kf5 Be3 58.
Ke6 Bc5 59. f7+ Kf8 60. g7# 1-0

[Event "Early-Titled-Tuesday-Blitz-January-16-2024"]
[Site "Chess.com"]
[Date "2024.01.16"]
[Round "1"]
[White "DenLaz"]
[Black "Barmen_EV"]
[Result "1-0"]
[WhiteElo "3087"]
[BlackElo "2539"]
[TimeControl "180+1"]
[EndTime "8:07:31 PST"]
[Termination "DenLaz won by checkmate"]

1. d4 f5 2. c4 Nf6 3. Nf3 g6 4.
g3 Bg7 5. Bg2 O-O 6. O-O d6 7.
Nc3 Qe8 8. d5 Na6 9. Be3 Bd7 10.
Rc1 Ng4 11. Bd4 Bh6 12. e3 c5 13. dxc6 bxc6 14. h3 Nf6 15. Qa4 Qc8 16. Bxf6 Rxf6 17. b4 Bg7 18. a3 h6 19. Qc2 g5 20. b5 Nc5 21. Nd4 f4 22. exf4 cxb5 23. fxg5 Rf7 24. g6 Rf8 25. Nd5 Qd8 26. Nxb5 Rc8 27. Nxa7 Ra8 28.
Nb5 Bxb5 29. cxb5 Rxa3 30. Rb1 e6 31. Nf4 Rc3 32. Qe2 Qf6 33. b6 Qf5 34. b7 Rb8 35. Rb5 d5 36. Re1 Rc2 37. Qd1 Rxb7 38. Rxb7 Nxb7 39.
Be4 dxe4 40. Qxc2 Nd6 41. Qc6 Qe5 42. Qd7 Nc4 43. Qf7+ Kh8 44. Qe8+ Bf8 45. Qxf8# 1-0

[Event "Early-Titled-Tuesday-Blitz-January-16-2024"]
[Site "Chess.com"]
[Date "2024.01.16"]
[Round "1"]
[White "Witik"]
[Black "Cambek64"]
[Result "0-1"]
[WhiteElo "2775"]
[BlackElo "2443"]
[TimeControl "180+1"]
[EndTime "8:07:31 PST"]
[Termination "Cambek64 won by resignation"]

1. d4 c5 2. d5 e5 3. Nc3 d6 4.
e4 Nf6 5. Bb5+ Nbd7 6. a4 Be7 7.
Nf3 O-O 8. O-O Ne8 9. Re1 g6 10. a5 a6 11. Bf1 Ng7 12. Nd2 f5 13. Nc4 f4 14. Na4 g5 15. Be2 Nf6 16. Nab6 Rb8 17. g4 Nxe4 18. Bf1 Nf6 19. h3 Qe8 20.
b4 cxb4 21. Bb2 h5 22. f3 hxg4 23. hxg4 Qg6 24. Bd3 Qh6 25. Qe2 Qh4 26. Qg2 Bd7 27. Nd2 Nge8 28. Ne4 Rd8 29. Kf1 Nxe4 30. Bxe4 Bb5+ 31.
Bd3 Nf6 32. Ke2 e4 33. Bxb5 axb5 34. Bxf6 Bxf6 35. Rh1 exf3+ 36. Kxf3 Qg3+ 37. Qxg3 fxg3 38. Raf1 Be5+ 39. Kg2 Rf4 40. Rh5 Rxf1 41. Rxg5+ Kh7 42. Kxf1 Rf8+ 43. Rf5 Rxf5+ 44. gxf5 Kg7 45. Nc8 Kf6 46. Na7 Kxf5 47. Nxb5 Ke4 48. Nc7 Kd4 49. Kg2 Kc3 50. Ne8 0-1

[Event "Early-Titled-Tuesday-Blitz-January-16-2024"]
[Site "Chess.com"]
[Date "2024.01.16"]
[Round "1"]
[White "Payyappat"]
[Black "Karacsonyi_Gellert"]
[Result "1-0"]
[WhiteElo "2442"]
[BlackElo "2774"]
[TimeControl "180+1"]
[EndTime "8:07:31 PST"]
[Termination "Payyappat won by checkmate"]

1. e4 c5 2. Nf3 Nc6 3. d4 cxd4 4. Nxd4 g6 5. Nc3 Bg7 6. Be3 Nf6 7. f4 d6 8. Be2 O-O 9. O-O Bd7 10. Bf3 Nxd4 11. Bxd4 Bc6 12. Kh1 a6 13. Qd2 Rc8 14. Rad1 b5 15.
a3 Nd7 16. Bxg7 Kxg7 17. Qd4+ Kg8 18. e5 Bxf3 19. Rxf3 Qb6 20. exd6 Qxd4 21. Rxd4 e6 22. h3 Rc6 23. Rf2 Rd8 24. Ne4 Nb6 25. d7 Kg7 26. Rfd2 Nd5 27. b3 Nxf4 28. Nd6 e5 29. Re4 Rxd7 30.
Ne8+ Kf8 31. Rxd7 Kxe8 32. Ra7 f6 33. c4 h5 34. cxb5 axb5 35. Rb4 Rc1+ 36. Kh2 Rc5 37. a4 h4 38. Rxb5 Rc8 39. Rbb7 Kf8 40. Rf7+ Kg8 41. Rxf6 Rc2 42. Rb6 Rxg2+ 43. Kh1 Rf2 44. Rb8# 1-0

[Event "Early-Titled-Tuesday-Blitz-January-16-2024"]
[Site "Chess.com"]
[Date "2024.01.16"]
[Round "1"]
[White "gabduschew"]
[Black "bubeliang"]
[Result "1-0"]
[WhiteElo "2442"]
[BlackElo "2774"]
[TimeControl "180+1"]
[EndTime "8:07:32 PST"]
[Termination "gabduschew won by resignation"]

1. b3 b6 2. Bb2 Bb7 3. c4 e6 4. e3 f5 5. Nf3 Nf6 6. Be2 Be7 7. O-O O-O 8. d4 h6 9. Nc3 d6 10. Nd2 Nbd7 11. Bf3 Bxf3 12. Qxf3 Qe8 13. a4 c5 14. a5 e5 15. Qxf5 exd4 16. exd4 cxd4 17.
Qe6+ Kh8 18. Nb5 Nc5 19. Qh3 Qg6 20. Bxd4 Nce4 21. Nf3 Nh5 22. Be3 Rf7 23. axb6 a6 24. b7 Rb8 25. Rxa6 Rxb7 26. Ne5 Qf5 27. Nxf7+ Qxf7 28. Qc8+ Bf8 29. Nxd6 Nxd6 30. Rxd6 Rxb3 31. Rd8 Kg8 32.
Bc5 Kh7 33. Rxf8 Qg6 34. Qf5 Qxf5 35. Rxf5 Nf6 36. Bd4 Ne8 37. c5 Rb4 38. Rd1 Kg6 39. Re5 Nf6 40. Re6 Kf7 41. Rb6 Rc4 42. Bxf6 gxf6 43.
c6 Ke6 44. g3 Kf5 45. Rd2 Kg4 46. Kg2 h5 47. Rb5 f5 48. Rdd5 h4 49. h3+ Kg5 50.
Rxf5+ Kg6 51. Rfc5 Kf6 52. Rxc4 1-0